TOP OF THE 1ST |
Montreal Expos batting - Pitching for Cincinnati Reds : RHP Tony Guzman
|
Pitching: RHP Tony Guzman
|
|
Batting: LHB Duane Walker
|
0-0: Bunted foul 0-1: Foul Ball, location: 2F 0-2: Ball 1-2: Foul Ball, location: 2F 1-2: Strikes out swinging
|
Batting: SHB Garry Templeton
|
0-0: SINGLE (Groundball, 6MS, EV 63.1 MPH) (infield hit)
|
Batting: LHB Kirk Gibson
|
0-0: Foul Ball, location: 2F 0-1: Ball Garry Templeton steals 2nd base (no throw) 1-1: Ground out 4-3 (Groundball, 4M, EV 96.9 MPH) Garry Templeton to third
|
Batting: RHB Dale Murphy
|
0-0: Ball 1-0: Ground out 4-3 (Groundball, 4, EV 83.8 MPH)
|
Top of the 1st over - 0 runs, 1 hit, 0 errors, 1 left on base; Montreal 0 - Cincinnati 0 |
BOTTOM OF THE 1ST |
Cincinnati Reds batting - Pitching for Montreal Expos : LHP Frank Tanana
|
Pitching: LHP Frank Tanana
|
|
Batting: RHB Jim Anderson
|
0-0: Foul Ball, location: 2F 0-1: Swinging Strike 0-2: Ball 1-2: Ball 2-2: Ball 3-2: Foul Ball, location: 2F 3-2: Fly out, F9 (Line Drive, 9, EV 93.1 MPH)
|
Batting: RHB Nick Deurloo
|
0-0: Foul Ball, location: 2F 0-1: Foul Ball, location: 2F 0-2: Ball 1-2: Ground out 5-3 (Groundball, 56S, EV 88.1 MPH)
|
Batting: LHB Mike Easler
|
0-0: Ball 1-0: Ball 2-0: Ball 3-0: Base on Balls
|
Batting: RHB Johnny Bench
|
0-0: Fly out, F7 (Line Drive, 7D, EV 92.5 MPH)
|
Bottom of the 1st over - 0 runs, 0 hits, 0 errors, 1 left on base; Montreal 0 - Cincinnati 0 |
TOP OF THE 2ND |
Montreal Expos batting - Pitching for Cincinnati Reds : RHP Tony Guzman
|
Batting: RHB Dave Winfield
|
0-0: Foul Ball, location: 2F 0-1: Swinging Strike 0-2: Ball 1-2: Ball 2-2: Foul Ball, location: 2F 2-2: Ball 3-2: Fly out, F7 (Line Drive, 7D, EV 93.1 MPH)
|
Batting: LHB Timnothy Meyer
|
0-0: Ball 1-0: Foul Ball, location: 2F 1-1: Ball 2-1: SINGLE (Groundball, 34D, EV 109.4 MPH) (infield hit)
|
Batting: LHB Ernesto Quevedo
|
0-0: Called Strike 0-1: Ball 1-1: Ball 2-1: Called Strike 2-2: Foul Ball, location: 2F 2-2: Foul Ball, location: 2F 2-2: Fly out, F8 (Flyball, 78D, EV 100.6 MPH)
|
Batting: LHB Orlando Sanchez
|
0-0: Called Strike 0-1: Ball Wild Pitch! Timnothy Meyer to second 1-1: Fly out, F3 (Line Drive, 3, EV 71.3 MPH)
|
Top of the 2nd over - 0 runs, 1 hit, 0 errors, 1 left on base; Montreal 0 - Cincinnati 0 |
BOTTOM OF THE 2ND |
Cincinnati Reds batting - Pitching for Montreal Expos : LHP Frank Tanana
|
Batting: LHB Darrell Evans
|
0-0: Ball 1-0: Ball 2-0: Called Strike 2-1: Ball 3-1: Base on Balls
|
Batting: RHB Gary Matthews
|
0-0: Called Strike 0-1: Swinging Strike 0-2: SINGLE (Groundball, 34S, EV 83.1 MPH) (infield hit) Darrell Evans to second
|
Batting: RHB Bill Melton
|
0-0: Ball 1-0: Called Strike 1-1: Ball 2-1: Ball 3-1: Base on Balls Darrell Evans to third Gary Matthews to second
|
Batting: RHB Jesus Alfaro
|
0-0: Ball 1-0: Grounds into double play, 4-6-3 (Groundball, 4, EV 101.9 MPH) Darrell Evans scores Gary Matthews to third
|
Batting: RHB Tony Guzman
|
0-0: Ball 1-0: Ball 2-0: Ball 3-0: Called Strike 3-1: Swinging Strike 3-2: Strikes out swinging
|
Bottom of the 2nd over - 1 run, 1 hit, 0 errors, 1 left on base; Montreal 0 - Cincinnati 1 |
TOP OF THE 3RD |
Montreal Expos batting - Pitching for Cincinnati Reds : RHP Tony Guzman
|
Batting: LHB Frank Tanana
|
0-0: Ball 1-0: SINGLE (Line Drive, 89M, EV 95.6 MPH)
|
Batting: LHB Duane Walker
|
0-0: Ball 1-0: Called Strike 1-1: Swinging Strike 1-2: Strikes out swinging
|
Batting: SHB Garry Templeton
|
0-0: Fly out, F8 (Flyball, 8LS, EV 82.5 MPH)
|
Batting: LHB Kirk Gibson
|
0-0: Ball 1-0: Ball 2-0: DOUBLE (Flyball, 78XD, EV 102.5 MPH) Frank Tanana to third Runner from 3rd tries for Home, SAFE, no throw by LF
|
Batting: RHB Dale Murphy
|
0-0: Ball 1-0: Ball 2-0: Called Strike 2-1: Swinging Strike 2-2: Ball 3-2: Strikes out swinging
|
Top of the 3rd over - 1 run, 2 hits, 0 errors, 1 left on base; Montreal 1 - Cincinnati 1 |
BOTTOM OF THE 3RD |
Cincinnati Reds batting - Pitching for Montreal Expos : LHP Frank Tanana
|
Batting: RHB Jim Anderson
|
0-0: Called Strike 0-1: Ball 1-1: Ball 2-1: Ball 3-1: SINGLE (Groundball, 56D, EV 103.8 MPH)
|
Batting: RHB Nick Deurloo
|
0-0: Ball 1-0: Foul Ball, location: 2F 1-1: Swinging Strike Balk! Jim Anderson to second 1-2: Ground out U3 (Groundball, 34S, EV 86.3 MPH) Jim Anderson to third
|
Batting: LHB Mike Easler
|
0-0: Called Strike 0-1: Ball 1-1: Ground out 2-3 (Groundball, 13S, EV 66.3 MPH)
|
Batting: RHB Johnny Bench
|
0-0: Ball 1-0: Called Strike 1-1: Ball 2-1: Foul Ball, location: 2F 2-2: Fly out, F8 (Flyball, 8RM, EV 90.6 MPH)
|
Bottom of the 3rd over - 0 runs, 1 hit, 0 errors, 1 left on base; Montreal 1 - Cincinnati 1 |
TOP OF THE 4TH |
Montreal Expos batting - Pitching for Cincinnati Reds : RHP Tony Guzman
|
Batting: RHB Dave Winfield
|
0-0: Called Strike 0-1: Foul Ball, location: 2F 0-2: Strikes out swinging
|
Batting: LHB Timnothy Meyer
|
0-0: Swinging Strike 0-1: Ball 1-1: Swinging Strike 1-2: Ball 2-2: Strikes out swinging
|
Batting: LHB Ernesto Quevedo
|
0-0: Ground out U3 (Groundball, 3, EV 83.8 MPH)
|
Top of the 4th over - 0 runs, 0 hits, 0 errors, 0 left on base; Montreal 1 - Cincinnati 1 |
BOTTOM OF THE 4TH |
Cincinnati Reds batting - Pitching for Montreal Expos : LHP Frank Tanana
|
Batting: LHB Darrell Evans
|
0-0: Called Strike 0-1: Fly out, F8 (Flyball, 78D, EV 104.4 MPH)
|
Batting: RHB Gary Matthews
|
0-0: Ground out 1-3 (Groundball, 13, EV 65.0 MPH)
|
Batting: RHB Bill Melton
|
0-0: Ball 1-0: Called Strike 1-1: Ball 2-1: Ball 3-1: Base on Balls
|
Batting: RHB Jesus Alfaro
|
0-0: Called Strike 0-1: Swinging Strike 0-2: Ball 1-2: Foul Ball, location: 2F 1-2: Ball 2-2: Strikes out looking
|
Bottom of the 4th over - 0 runs, 0 hits, 0 errors, 1 left on base; Montreal 1 - Cincinnati 1 |
TOP OF THE 5TH |
Montreal Expos batting - Pitching for Cincinnati Reds : RHP Tony Guzman
|
Batting: LHB Orlando Sanchez
|
0-0: Foul Ball, location: 2F 0-1: Fly out, F8 (Line Drive, 8RD, EV 102.5 MPH)
|
Batting: LHB Frank Tanana
|
0-0: SINGLE (Groundball, 3D, EV 106.3 MPH)
|
Batting: LHB Duane Walker
|
0-0: Swinging Strike 0-1: Called Strike 0-2: Strikes out swinging
|
Batting: SHB Garry Templeton
|
0-0: Called Strike 0-1: Foul Ball, location: 2F 0-2: SINGLE (Line Drive, 78S, EV 87.5 MPH) Frank Tanana to second
|
Batting: LHB Kirk Gibson
|
0-0: Ball 1-0: Ball 2-0: Called Strike 2-1: 3-RUN HOME RUN (Flyball, 8LXD, EV 92.5 MPH), Distance : 420 ft
|
Batting: RHB Dale Murphy
|
0-0: Ground out 5-3 (Groundball, 56, EV 98.1 MPH)
|
Top of the 5th over - 3 runs, 3 hits, 0 errors, 0 left on base; Montreal 4 - Cincinnati 1 |
BOTTOM OF THE 5TH |
Cincinnati Reds batting - Pitching for Montreal Expos : LHP Frank Tanana
|
Batting: RHB Tony Guzman
|
0-0: Called Strike 0-1: Called Strike 0-2: Ball 1-2: Strikes out looking
|
Batting: RHB Jim Anderson
|
0-0: Swinging Strike 0-1: Ground out 1-3 (Groundball, 34S, EV 65.6 MPH)
|
Batting: RHB Nick Deurloo
|
0-0: Ball 1-0: Foul Ball, location: 2F 1-1: Ground out U3 (Groundball, 13, EV 81.9 MPH)
|
Bottom of the 5th over - 0 runs, 0 hits, 0 errors, 0 left on base; Montreal 4 - Cincinnati 1 |
TOP OF THE 6TH |
Montreal Expos batting - Pitching for Cincinnati Reds : RHP Tony Guzman
|
Batting: RHB Dave Winfield
|
0-0: Ball 1-0: Foul Ball, location: 2F 1-1: Ball 2-1: Ball 3-1: Swinging Strike 3-2: Strikes out swinging
|
Batting: LHB Timnothy Meyer
|
0-0: Ball 1-0: Foul Ball, location: 2F 1-1: Ball 2-1: Ball 3-1: Base on Balls
|
Batting: LHB Ernesto Quevedo
|
0-0: Called Strike 0-1: Foul Ball, location: 2F 0-2: Fielders Choice at 2nd, 3-6 (Groundball, 3, EV 77.5 MPH)
|
Batting: LHB Orlando Sanchez
|
0-0: Called Strike Ernesto Quevedo is caught stealing 2nd base 2-6
|
Top of the 6th over - 0 runs, 0 hits, 0 errors, 0 left on base; Montreal 4 - Cincinnati 1 |
BOTTOM OF THE 6TH |
Cincinnati Reds batting - Pitching for Montreal Expos : LHP Frank Tanana
|
Batting: LHB Mike Easler
|
0-0: Swinging Strike 0-1: Swinging Strike 0-2: Strikes out swinging
|
Batting: RHB Johnny Bench
|
0-0: Ball 1-0: Ball 2-0: Called Strike 2-1: Fly out, F8 (Flyball, 8LD, EV 91.3 MPH)
|
Batting: LHB Darrell Evans
|
0-0: Ball 1-0: Called Strike 1-1: Foul Ball, location: 2F 1-2: Ball 2-2: Ball 3-2: Ground out 4-3 (Groundball, 34, EV 81.9 MPH)
|
Bottom of the 6th over - 0 runs, 0 hits, 0 errors, 0 left on base; Montreal 4 - Cincinnati 1 |
TOP OF THE 7TH |
Montreal Expos batting - Pitching for Cincinnati Reds : RHP Tony Guzman
|
Batting: LHB Orlando Sanchez
|
0-0: Ball 1-0: Ball 2-0: Ball 3-0: Called Strike 3-1: Fly out, F9 (Flyball, 9D, EV 77.5 MPH)
|
Batting: LHB Frank Tanana
|
0-0: Called Strike 0-1: Ball 1-1: Ball 2-1: Foul Ball, location: 2F 2-2: Strikes out swinging
|
Batting: LHB Duane Walker
|
0-0: Called Strike 0-1: Called Strike 0-2: Foul Ball, location: 2F 0-2: Ball 1-2: Ball 2-2: Foul Ball, location: 2F 2-2: Ball 3-2: SOLO HOME RUN (Flyball, 9D, EV 110.6 MPH), Distance : 378 ft
|
Batting: SHB Garry Templeton
|
0-0: Ball 1-0: Called Strike 1-1: Swinging Strike 1-2: Strikes out looking
|
Top of the 7th over - 1 run, 1 hit, 0 errors, 0 left on base; Montreal 5 - Cincinnati 1 |
BOTTOM OF THE 7TH |
Cincinnati Reds batting - Pitching for Montreal Expos : LHP Frank Tanana
|
Batting: RHB Gary Matthews
|
0-0: Ball 1-0: Called Strike 1-1: SINGLE (Line Drive, 6M, EV 103.1 MPH)
|
Batting: RHB Bill Melton
|
0-0: Called Strike 0-1: Swinging Strike 0-2: Ball Wild Pitch! Gary Matthews to second 1-2: Ground out 4-3 (Groundball, 4, EV 81.3 MPH) Gary Matthews to third
|
Batting: RHB Jesus Alfaro
|
0-0: Called Strike 0-1: Ball 1-1: Swinging Strike 1-2: Ball 2-2: SINGLE (Flyball, 3D, EV 98.1 MPH) Gary Matthews scores
|
Pinch Hitting: RHB Marco Mosquera
|
0-0: Foul Ball, location: 2F 0-1: Foul Ball, location: 2F 0-2: Foul Ball, location: 2F 0-2: Grounds into double play, 6-4-3 (Groundball, 6, EV 85.6 MPH)
|
Bottom of the 7th over - 1 run, 2 hits, 0 errors, 0 left on base; Montreal 5 - Cincinnati 2 |
TOP OF THE 8TH |
Montreal Expos batting - Pitching for Cincinnati Reds : RHP Tony Guzman
|
Pitching: LHP Pat Underwood
|
|
Batting: LHB Kirk Gibson
|
0-0: Ground out 6-3 (Groundball, 6, EV 84.4 MPH)
|
Batting: RHB Dale Murphy
|
0-0: Ball 1-0: Swinging Strike 1-1: Called Strike 1-2: Ball 2-2: Strikes out swinging
|
Batting: RHB Dave Winfield
|
0-0: Called Strike 0-1: Foul Ball, location: 2F 0-2: Ball 1-2: Foul Ball, location: 2F 1-2: Fly out, F7 (Line Drive, 7, EV 95.0 MPH)
|
Top of the 8th over - 0 runs, 0 hits, 0 errors, 0 left on base; Montreal 5 - Cincinnati 2 |
BOTTOM OF THE 8TH |
Cincinnati Reds batting - Pitching for Montreal Expos : LHP Frank Tanana
|
Batting: RHB Jim Anderson
|
0-0: Fly out, F8 (Flyball, 78M, EV 93.1 MPH)
|
Batting: RHB Nick Deurloo
|
0-0: Called Strike 0-1: Called Strike 0-2: Foul Ball, location: 2F 0-2: Ball 1-2: Ground out 6-3 (Groundball, 6, EV 101.9 MPH)
|
Batting: LHB Mike Easler
|
0-0: Called Strike 0-1: Foul Ball, location: 2F 0-2: Ball 1-2: Ball 2-2: SINGLE (Groundball, 6MD, EV 100.6 MPH)
|
Batting: RHB Johnny Bench
|
0-0: Fielders Choice at 2nd, 5-4 (Groundball, 56, EV 101.3 MPH)
|
Bottom of the 8th over - 0 runs, 1 hit, 0 errors, 1 left on base; Montreal 5 - Cincinnati 2 |
TOP OF THE 9TH |
Montreal Expos batting - Pitching for Cincinnati Reds : LHP Pat Underwood
|
Batting: LHB Timnothy Meyer
|
0-0: Ball 1-0: SINGLE (Popup, 6MD, EV 71.3 MPH)
|
Batting: LHB Ernesto Quevedo
|
0-0: Called Strike 0-1: Ball 1-1: Foul Ball, location: 2F 1-2: SINGLE (Line Drive, 4MD, EV 101.9 MPH) Timnothy Meyer to second Runner from 2nd tries for 3rd, SAFE, throw by CF made to third
|
Batting: LHB Orlando Sanchez
|
0-0: Ball 1-0: Swinging Strike 1-1: Called Strike 1-2: Strikes out swinging
|
Batting: LHB Frank Tanana
|
0-0: Called Strike 0-1: Swinging Strike 0-2: Ball 1-2: Bunt missed, Strikeout!
|
Batting: LHB Duane Walker
|
0-0: Foul Ball, location: 2F 0-1: Ball 1-1: Foul Ball, location: 2F 1-2: Ball 2-2: Fly out, F8 (Line Drive, 8RM, EV 98.8 MPH)
|
Top of the 9th over - 0 runs, 2 hits, 0 errors, 2 left on base; Montreal 5 - Cincinnati 2 |
BOTTOM OF THE 9TH |
Cincinnati Reds batting - Pitching for Montreal Expos : LHP Frank Tanana
|
Now at 2B: Alex Ortiz
|
|
Now in LF: Guonçalo Fernandes
|
|
Now in RF: Luis Sanchez
|
|
Batting: LHB Darrell Evans
|
0-0: Ball 1-0: Ball 2-0: Ball 3-0: Base on Balls
|
Batting: RHB Gary Matthews
|
0-0: DOUBLE (Line Drive, 89D, EV 103.8 MPH) Darrell Evans to third
|
Batting: RHB Bill Melton
|
0-0: Fly out, F8 (Flyball, 8RM, EV 97.5 MPH)
|
Batting: RHB Jesus Alfaro
|
0-0: Called Strike 0-1: Ball 1-1: Ball 2-1: Swinging Strike 2-2: Fly out, F7 (Flyball, 78S, EV 90.6 MPH)
|
Pinch Hitting: LHB Jim Bennett
|
0-0: Ball 1-0: Foul Ball, location: 2F 1-1: 3-RUN HOME RUN (Flyball, 89XD, EV 91.9 MPH), Distance : 395 ft
|
Pitching: LHP Bob Ojeda
|
|
Batting: RHB Jim Anderson
|
0-0: Ball 1-0: Called Strike 1-1: Ball 2-1: Ball 3-1: Fly out, F8 (Flyball, 78M, EV 76.9 MPH)
|
Bottom of the 9th over - 3 runs, 2 hits, 0 errors, 0 left on base; Montreal 5 - Cincinnati 5 |
TOP OF THE 10TH |
Montreal Expos batting - Pitching for Cincinnati Reds : LHP Pat Underwood
|
Pitching: RHP Jay Dillard
|
|
Batting: SHB Garry Templeton
|
0-0: Called Strike 0-1: Ground out 4-3 (Groundball, 4, EV 110.0 MPH)
|
Batting: LHB Guonçalo Fernandes
|
0-0: Ball 1-0: Foul Ball, location: 2F 1-1: Foul Ball, location: 2F 1-2: Ball 2-2: Ground out 5-3 (Groundball, 56S, EV 68.1 MPH)
|
Batting: RHB Dale Murphy
|
0-0: Ball 1-0: Called Strike 1-1: Called Strike 1-2: Strikes out looking
|
Top of the 10th over - 0 runs, 0 hits, 0 errors, 0 left on base; Montreal 5 - Cincinnati 5 |
BOTTOM OF THE 10TH |
Cincinnati Reds batting - Pitching for Montreal Expos : LHP Bob Ojeda
|
Batting: RHB Nick Deurloo
|
0-0: Foul Ball, location: 2F 0-1: Ball 1-1: Ball 2-1: SINGLE (Line Drive, 7S, EV 96.9 MPH)
|
Batting: LHB Mike Easler
|
0-0: Called Strike 0-1: Swinging Strike 0-2: Ball 1-2: SINGLE (Line Drive, 89M, EV 103.1 MPH) Nick Deurloo to second
|
Batting: RHB Johnny Bench
|
0-0: Grounds into double play, 5-4-3 (Groundball, 56, EV 100.6 MPH) Nick Deurloo to third
|
Batting: LHB Darrell Evans
|
0-0: Fly out, F8 (Line Drive, 8LM, EV 106.3 MPH)
|
Bottom of the 10th over - 0 runs, 2 hits, 0 errors, 1 left on base; Montreal 5 - Cincinnati 5 |
TOP OF THE 11TH |
Montreal Expos batting - Pitching for Cincinnati Reds : RHP Jay Dillard
|
Batting: RHB Luis Sanchez
|
0-0: Ball 1-0: Foul Ball, location: 2F 1-1: Called Strike 1-2: Ground out 5-3 (Groundball, 56S, EV 66.3 MPH)
|
Batting: SHB Alex Ortiz
|
0-0: Ground out 4-3 (Groundball, 4, EV 86.3 MPH)
|
Batting: LHB Ernesto Quevedo
|
0-0: Ball 1-0: Foul Ball, location: 2F 1-1: Ball 2-1: Ball 3-1: Swinging Strike 3-2: Foul Ball, location: 2F 3-2: Fly out, F8 (Flyball, 8LXD, EV 101.3 MPH)
|
Top of the 11th over - 0 runs, 0 hits, 0 errors, 0 left on base; Montreal 5 - Cincinnati 5 |
BOTTOM OF THE 11TH |
Cincinnati Reds batting - Pitching for Montreal Expos : LHP Bob Ojeda
|
Batting: RHB Gary Matthews
|
0-0: Called Strike 0-1: Foul Ball, location: 2F 0-2: Foul Ball, location: 2F 0-2: Foul Ball, location: 2F 0-2: Foul Ball, location: 2F 0-2: Ground out 5-3 (Groundball, 5, EV 103.8 MPH)
|
Batting: RHB Bill Melton
|
0-0: Called Strike 0-1: Ball 1-1: Called Strike 1-2: Ball 2-2: Strikes out looking
|
Batting: RHB Jesus Alfaro
|
0-0: Called Strike 0-1: Foul Ball, location: 2F 0-2: Foul Ball, location: 2F 0-2: SINGLE (Line Drive, 7LS, EV 96.3 MPH)
|
Pinch Hitting: RHB John Malkin
|
0-0: Called Strike 0-1: Foul Ball, location: 2F 0-2: Ball 1-2: Ball 2-2: Ball 3-2: Foul Ball, location: 2F 3-2: SINGLE (Line Drive, 78S, EV 93.1 MPH) Jesus Alfaro to second Jesus Alfaro to third
|
Batting: RHB Jim Anderson
|
0-0: Ball 1-0: SINGLE (Line Drive, 9LM, EV 104.4 MPH) Jesus Alfaro scores
|
Bottom of the 11th over - 1 run, 3 hits, 0 errors, 0 left on base; Montreal 5 - Cincinnati 6 |
|